 Dungeon Crawl Stone Soup version 0.30.0-18-gc0e69614cb (webtiles) character file.

Game seed: 3255153434439372469

11 Hades the Insei (level 2, 23/23 HPs)
             Began as a Demigod Transmuter on May 24, 2023.
             Quit the game on level 1 of the Dungeon.
             The game lasted 00:02:15 (275 turns).

Hades the Insei (Demigod Transmuter)                 Turns: 275, Time: 00:02:15

Health: 23/23      AC:  8    Str: 11    XL:     2   Next: 6%
Magic:  7/7        EV:  6    Int: 15    God:
Gold:   5          SH:  0    Dex: 14    Spells: 4/5 levels left

rFire   . .          .
                       - Unarmed
rCold   . . .        (no shield)
rNeg    . . .        d - +0 chain mail
rPois   .            (no helmet)
rElec   .            (no cloak)
rCorr   .            (no gloves)
SInv    .            (no boots)
Will    .....        (no amulet) Stlth
                     (no ring)
HPRegen 0.23/turn    (no ring)
MPRegen 0.10/turn

%: no passive effects
@: no status effects
A: high MP 1, forlorn, divine attributes
a: no special abilities


You were on level 1 of the Dungeon.
You visited 1 branch of the dungeon, and saw 1 of its levels.

You collected 5 gold pieces.

Inventory:

Armour
 a - a +0 robe
 d - a +0 chain mail (worn)
 f - a +0 scale mail
Scrolls
 g - a scroll of identify {unknown}
 h - a scroll of teleportation {unknown}
Potions
 b - a potion of lignification
 c - 2 potions of attraction {unknown}
 e - 2 potions of curing {unknown}
 i - 2 potions of degeneration {unknown}


   Skills:
 * Level 1.1 Fighting
 + Level 1.7 Dodging
 + Level 3.0 Unarmed Combat
 * Level 2.0 Spellcasting
 + Level 1.9 Transmutations


You had 4 spell levels left.
You knew the following spells:

 Your Spells              Type           Power      Damage    Failure   Level
a - Beastly Appendage     Tmut           14%        N/A       98%         1

Your spell library contained the following spells:

 Spells                   Type           Power      Damage    Failure   Level
 Wereblood                Tmut           7%         N/A       99%         2
 Spider Form              Tmut/Pois      4%         N/A       100%        3
 Ice Form                 Ice/Tmut       4%         N/A       100%        4


Dungeon Overview and Level Annotations

Branches:
Dungeon (1/15)


Innate Abilities, Weirdness & Mutations

You have an increased reservoir of magic. (+10% MP)
You shall have no god before yourself.
Your divine heritage dramatically boosts your attributes as you level up.


Message History

The hobgoblin hits you but does no damage.
You hit the hobgoblin.
You kill the hobgoblin!
Your Spellcasting skill increases to level 2!
You enter the shallow water.
Moving in this stuff is going to be slow.
You hit the endoplasm.
The endoplasm is severely wounded.
The endoplasm hits you.
You hit the endoplasm.
You kill the endoplasm!
Your Unarmed Combat skill increases to level 3!
You have reached level 2!
You start resting.
HP restored.
You enter the shallow water.
Moving in this stuff is going to be slow.
You enter the shallow water.
Moving in this stuff is going to be slow.
Why would you want to do that? Why would you want to do that?
You enter the shallow water.
Moving in this stuff is going to be slow.
You now have 5 gold pieces.
You enter the shallow water.
Moving in this stuff is going to be slow.
You enter the shallow water.
Moving in this stuff is going to be slow.
A ball python comes into view.
The ball python hisses angrily.
You hit the ball python.
The ball python is severely wounded.
The ball python bites you but does no damage.
The ball python grabs you. The ball python constricts you.
The ball python bites you. The ball python constricts you.
You hit the ball python.
You kill the ball python!
Found an emerald potion.
Found 6 stones.
Are you sure you want to abandon this character and quit the game? (Confirm with "yes".)

... !.( .. .# ##.# #..#
######
.#######.######....#
........@....##....# ##
.#######.###.#.....#
###. ##
....##.#....$###...
##.#####.#.#...........
##.#.....#....####......
#.#~.....~..#...........
.#.~~...~.~#............
#..~.~~~.~..#.##........
#~~~~≈≈.~...#.#...#.....


There were no monsters in sight!

Vanquished Creatures
  2 endoplasms (D:1)
  A giant cockroach (D:1)
  2 hobgoblins (D:1)
  2 ball pythons (D:1)
  3 bats (D:1)
  A kobold (D:1)
11 creatures vanquished.

Notes
Turn   | Place    | Note
-------+----------+-------------------------------------------
     0 | D:1      | Hades the Demigod Transmuter began the quest for the Orb.
     0 | D:1      | Reached XP level 1. HP: 15/15 MP: 5/5
   183 | D:1      | Reached skill level 1 in Fighting
   213 | D:1      | Reached skill level 3 in Unarmed Combat
   213 | D:1      | Reached XP level 2. HP: 15/23 MP: 7/7
   275 | D:1      | Quit the game

Illustrated notes

Levels and vault maps discovered:
D:1:      heliophobic_arrival_henge, layout_rooms,
          shapermc_ecumenical_altar_starsandcircs, minmay_quantized

Skill      XL: |  1 |
---------------+----+-----
Fighting       | 1 |  1.1
Spellcasting   | 2 |  2.0
Unarmed Combat | 3 |  3.0
Dodging        | |  1.7
Transmutations | |  1.9

Action                     || total
---------------------------++-------
  Melee: Unarmed           ||    56
         Punch             ||     1
 Armour: Chain mail        ||    32
         Robe              ||    15
  Dodge: Dodged            ||    38
